 Dungeon Crawl Stone Soup version 0.20-a0-972-gb9bd3e6 (webtiles) character file.

16788 Gorglomux the Zephyrmancer (level 12, -3/73 HPs)
             Began as a Tengu Air Elementalist on Apr 9, 2017.
             Was an Elder of Vehumet.
             Slain by a blink frog (9 damage)
             ... on level 2 of the Lair of Beasts.
             The game lasted 00:46:20 (14971 turns).

Gorglomux the Zephyrmancer (TeAE)                  Turns: 14971, Time: 00:46:20

Health: -3/73      AC:  9    Str:  7    XL:     12   Next: 41%
Magic:  3/23       EV: 20    Int: 22    God:    Vehumet [****..]
Gold:   408        SH:  3    Dex: 17    Spells: 6/25 levels left

rFire    . . .     SeeInvis .   K - +8 quarterstaff of Moral Flaws {venom, Str-3 Int+2 Dex+3}
rCold    . . .     Gourm    .   (shield currently unavailable)
rNeg     . . .     Faith    .   k - +3 leather armour
rPois    .         Spirit   .   (helmet restricted)
rElec    .         Reflect  +   (no cloak)
rCorr    .         Harm     .   i - +1 pair of gloves
MR       +....                  (boots unavailable)
Stlth    ++........             P - +3 amulet of reflection
Regen    0.3/turn               m - ring of protection from magic
MPRegen  0.2/turn               L - +3 ring of evasion

@: no status effects
A: beak, talons 3, able to fly 1
a: Fly, Renounce Religion


You were on level 2 of the Lair of Beasts.
You worshipped Vehumet.
Vehumet was greatly pleased with you.
You were near starving.

You visited 3 branches of the dungeon, and saw 13 of its levels.

You collected 790 gold pieces.
You spent 382 gold pieces at shops.

Inventory:

Hand Weapons
 g - the +4 flail of Coribukia {drain, rF+++ Str+5}
   (You found it on level 2 of the Lair of Beasts)

   A truly terrible weapon, it drains the life of those it strikes.
   It affects your strength (+5).
   It renders you almost immune to fire.
 h - a +0 hand axe
 r - a +2 dagger of venom
 F - the +4 quarterstaff "Banisher" {flame, rC+}
   (You bought it in a shop on level 6 of the Dungeon)

   It has been specially enchanted to burn those struck by it, causing extra
   injury to most foes and up to half again as much damage against particularly
   susceptible opponents.
   It protects you from cold.
 K - the +8 quarterstaff of Moral Flaws (weapon) {venom, Str-3 Int+2 Dex+3}
   (You took it off a gnoll sergeant on level 5 of the Dungeon)

   It poisons the flesh of those it strikes.
   It affects your strength (-3).
   It affects your intelligence (+2).
   It affects your dexterity (+3).
Missiles
 Z - 3 throwing nets (quivered)
Armour
 a - a +0 robe
 i - a +1 pair of gloves (worn)
 k - a +3 leather armour (worn)
Jewellery
 c - an uncursed ring of protection from cold
 m - a ring of protection from magic (left hand)
 x - an uncursed ring of stealth
 E - an uncursed ring of protection from cold
 L - a +3 ring of evasion (right hand)
 P - a +3 amulet of reflection (around neck)
Wands
 C - a wand of confusion (18/48)
 I - a wand of iceblast (6/15)
 S - a wand of scattershot (3/9)
Scrolls
 o - a scroll of recharging
 t - 2 scrolls of random uselessness {unknown}
 w - a scroll of immolation {unknown}
 y - a scroll of fog {unknown}
 z - a scroll of noise {unknown}
 B - a scroll of fear {unknown}
 H - a scroll of enchant armour {unknown}
 J - a scroll of vulnerability {unknown}
 M - 2 scrolls of magic mapping
 T - 3 scrolls of teleportation
 V - a scroll of amnesia
 X - 5 scrolls of remove curse
Potions
 f - a potion of mutation {unknown}
 j - a potion of lignification
 n - 4 potions of invisibility
 p - 4 potions of heal wounds
 s - a potion of haste
 u - 2 potions of curing
 A - a potion of magic
 D - 3 potions of ambrosia
 G - 3 potions of cancellation
 N - a potion of brilliance {unknown}
 Q - 3 potions of might
 U - 4 potions of flight
Books
 b - a book of Air

   Spells                             Type                      Level
   a - Shock                          Conjuration/Air              1
   b - Swiftness                      Charms/Air                   2
   c - Static Discharge               Conjuration/Air              3
   d - Airstrike                      Air                          4
   e - Lightning Bolt                 Conjuration/Air              5
 v - a book of Necromancy

   Spells                             Type                      Level
   a - Pain                           Necromancy                   1
   b - Animate Skeleton               Necromancy                   1
   c - Vampiric Draining              Necromancy                   3
   d - Regeneration                   Charms/Necromancy            3
   e - Animate Dead                   Necromancy                   4
   f - Control Undead                 Necromancy                   4
 Y - a book of Misfortune

   Spells                             Type                      Level
   a - Confusing Touch                Hexes                        1
   b - Confuse                        Hexes                        3
   c - Gell's Gravitas                Translocation                3
   d - Petrify                        Transmutation/Earth          4
   e - Metabolic Englaciation         Hexes/Ice                    5
   f - Yara's Violent Unravelling     Hexes/Transmutation          5
Miscellaneous
 q - a fan of gales
Comestibles
 d - 8 bread rations
 l - 4 fruits
 O - 13 meat rations
 W - 9 royal jellies


   Skills:
 + Level 7.7 Fighting
 - Level 4.9 Staves
 - Level 5.6 Armour
 + Level 9.0 Dodging
 - Level 2.0 Stealth
 - Level 7.1 Spellcasting
 - Level 9.5 Conjurations
 - Level 12.6 Air Magic
 + Level 4.1 Earth Magic


You had 6 spell levels left.
You knew the following spells:

 Your Spells              Type           Power        Failure   Level  Hunger
a - Shock                 Conj/Air       ####         1%          1    None
b - Airstrike             Air            ######....   1%          4    ###....
c - Static Discharge      Conj/Air       ######..     1%          3    None
d - Lightning Bolt        Conj/Air       ######....   1%          5    #####..
e - Iron Shot             Conj/Erth      #####.....   45%         6    ######.


Dungeon Overview and Level Annotations

Branches:
Dungeon (10/15)            Temple (1/1) D:4            Lair (2/6) D:10
  Swamp: Lair:2-4    Shoals: Lair:2-4     Snake: Lair:2-4    Spider: Lair:2-4
    Orc: D:9-12

Altars:
Ashenzari
Cheibriados
Dithmenos
Elyvilon
Fedhas
Gozag
Hepliaklqana
Kikubaaqudgha
Makhleb
Nemelex Xobeh
Okawaru
Qazlal
Ru
Sif Muna
Trog
Uskayaw
Vehumet
Wu Jian
Xom
Yredelemnul
Zin
The Shining One
Beogh

Shops:
D:3 *   D:6 (   D:7 [   D:8 !   D:9 %

Annotations:
Lair:2 Prince Ribbit


Innate Abilities, Weirdness & Mutations

You have a beak for a mouth.
You have claws for feet.
You can fly.


Message History

You sock the blink frog!
The blink frog is poisoned.
The blink frog is moderately wounded.
The blink frog blinks! x2
You hit the blink frog.
The blink frog looks as sick as possible!
Your peck misses the blink frog.
The blink frog is heavily wounded.
The blink frog blinks!
The blink frog hits you! The blink frog barely misses you.
You thump the blink frog! Your kick misses the blink frog.
The blink frog is severely wounded.
The blink frog hits you!
* * * LOW HITPOINT WARNING * * *
The blink frog hits you!
* * * LOW HITPOINT WARNING * * *
The blink frog barely misses you. The blink frog completely misses you.
The blink frog blinks!
The blink frog hits you!
You die...

..................>.# #....
.......P..?.........## ### #..##
..#..................####P###...#
.....%......................#.##§
........P..................##..##
...............♣♣♣.........#.....
...............♣ ♣...............
............#..♣♣♣.§.............
.........##.....@F.........P#.#P.
#..#########P#P########.#P#######
#.## ##### ##### ###


You could see a blink frog.

Vanquished Creatures
  A hydra (Lair:2)
  A catoblepas (Lair:2)
  A two-headed ogre (D:10)
  Urug (Lair:2)
  The ghost of Felix the Thaumaturge, a novice DrCj of Sif Muna (D:7)
  Psyche (D:8)
  Joseph (Lair:1)
  A spiny frog (Lair:2)
  3 komodo dragons
  A rime drake (Lair:1)
  6 blink frogs
  3 hippogriffs
  16 yaks
  A human (D:9)
  3 hogs (D:9)
  2 soldier ants (Lair:2)
  A water moccasin (D:7)
  2 porcupines (Lair:1)
  10 orc warriors
  3 ice beasts
  2 black bears
  5 ogres
  A phantom (D:7)
  4 centaurs
  4 crocodiles
  10 bullfrogs
  2 gnoll sergeants
  2 scorpions
  8 killer bees (D:7)
  4 wights (D:9)
  2 vampire bats (D:4)
  3 howler monkeys
  4 jellies
  6 crimson imps
  4 bullfrog zombies
  A quasit (D:7)
  12 orc priests
  6 hounds
  A gnoll shaman (D:8)
  12 orc wizards
  2 centaur skeletons
  Ijyb (D:3)
  Natasha (thrice) (D:3)
  4 iguanas
  7 worker ants
  16 adders
  13 gnolls
  A shadow imp (D:10)
  2 adder skeletons
  2 adder zombies
  6 worms
  A dart slug (D:3)
  9 leopard geckos
  55 orcs
  13 bats
  6 giant cockroaches
  12 goblins
  9 hobgoblins
  2 jackals (D:2)
  4 quokkas
  7 kobolds
  2 leopard gecko skeletons
  6 rats
335 creatures vanquished.

Vanquished Creatures (others)
  A hippogriff (Lair:2)
  A ball lightning (D:6)
  A fungus (Lair:1)
  A plant (Lair:2)
4 creatures vanquished.

Grand Total: 339 creatures vanquished

Notes
Turn   | Place    | Note
-------+----------+-------------------------------------------
     0 | D:1      | Gorglomux the Tengu Air Elementalist began the quest for the Orb.
     0 | D:1      | Reached XP level 1. HP: 10/10 MP: 4/4
   230 | D:1      | Reached XP level 2. HP: 15/15 MP: 4/6
   915 | D:2      | Reached XP level 3. HP: 19/19 MP: 4/7
   920 | D:2      | Learned a level 3 spell: Static Discharge
  1570 | D:2      | Reached skill level 3 in Conjurations
  1780 | D:2      | Reached XP level 4. HP: 24/24 MP: 4/9
  1874 | D:2      | Learned a level 4 spell: Airstrike
  1881 | D:2      | Reached skill level 5 in Air Magic
  1949 | D:2      | Reached skill level 3 in Spellcasting
  2409 | D:3      | Noticed Ijyb
  2445 | D:3      | Found Zin's Purification Station.
  2573 | D:3      | Noticed Natasha
  2577 | D:3      | Killed Natasha
  2577 | D:3      | Gained mutation: You can fly. [Tengu growth]
  2577 | D:3      | Reached XP level 5. HP: 28/28 MP: 5/10
  2731 | D:3      | Noticed Natasha
  2735 | D:3      | Killed Natasha
  2992 | D:3      | Found a faded altar of an unknown god.
  3034 | D:3      | Noticed Natasha
  3039 | D:3      | Killed Natasha
  3039 | D:3      | Reached skill level 6 in Air Magic
  3305 | D:3      | Reached XP level 6. HP: 32/32 MP: 7/12
  3511 | D:3      | Found a glowing silver altar of Zin.
  3546 | D:3      | Killed Ijyb
  3846 | D:4      | Reached skill level 7 in Air Magic
  3852 | D:4      | Reached XP level 7. HP: 33/36 MP: 2/15
  4226 | D:4      | Reached skill level 8 in Air Magic
  4457 | D:4      | Found a staircase to the Ecumenical Temple.
  4711 | Temple   | Entered the Ecumenical Temple
  4746 | Temple   | Became a worshipper of Vehumet
  5313 | D:4      | Reached XP level 8. HP: 32/41 MP: 10/17
  5364 | D:5      | Entered Level 5 of the Dungeon
  5615 | D:5      | Learned a level 5 spell: Lightning Bolt
  5618 | D:5      | Reached skill level 9 in Air Magic
  5619 | D:5      | Reached * piety under Vehumet
  5619 | D:5      | Offered knowledge of Sandblast by Vehumet.
  5824 | D:5      | Reached skill level 1 in Fighting
  6161 | D:5      | Reached skill level 3 in Dodging
  6461 | D:5      | Got a slimy quarterstaff {venom}
  6462 | D:5      | Identified the +8 quarterstaff of Moral Flaws {venom, Str-3 Int+2 Dex+3} (You took it off a gnoll sergeant on level 5 of the Dungeon)
  6708 | D:5      | Offered knowledge of Sting by Vehumet.
  6708 | D:5      | Reached skill level 3 in Fighting
  6972 | D:6      | Reached XP level 9. HP: 50/50 MP: 13/18
  7040 | D:6      | Reached skill level 1 in Armour
  7074 | D:6      | Reached ** piety under Vehumet
  7086 | D:6      | Reached skill level 10 in Air Magic
  7308 | D:6      | Reached skill level 6 in Conjurations
  7412 | D:6      | Found Bokozxesh's Antique Weapon Shoppe.
  7435 | D:6      | Bought a slimy quarterstaff for 162 gold pieces
  7435 | D:6      | Identified the +4 quarterstaff "Banisher" {flame, rC+} (You bought it in a shop on level 6 of the Dungeon)
  7816 | D:7      | Reached skill level 3 in Armour
  8185 | D:7      | Found Ysyu's Armour Boutique.
  8215 | D:7      | Offered knowledge of Mephitic Cloud by Vehumet.
  8215 | D:7      | Reached skill level 11 in Air Magic
  8586 | D:7      | Noticed Felix's ghost (novice DrCj)
  8613 | D:7      | Killed Felix's ghost
  8613 | D:7      | Reached XP level 10. HP: 5/56 MP: 13/19
  8634 | D:7      | HP: 2/56 [poisoned by Felix's ghost]
  8974 | D:7      | Reached *** piety under Vehumet
  8974 | D:7      | Reached skill level 9 in Conjurations
  9121 | D:7      | Reached skill level 12 in Air Magic
  9297 | D:8      | Found Quodi's Distillery.
  9309 | D:8      | Reached skill level 6 in Spellcasting
  9311 | D:8      | Bought a potion of degeneration for 11 gold pieces
  9311 | D:8      | Bought a potion of heal wounds for 55 gold pieces
  9311 | D:8      | Bought a potion of lignification for 33 gold pieces
  9311 | D:8      | Bought 2 potions of curing for 66 gold pieces
  9311 | D:8      | Bought a potion of heal wounds for 55 gold pieces
  9314 | D:8      | Reached skill level 1 in Staves
  9337 | D:8      | Offered knowledge of Dazzling Spray by Vehumet.
  9611 | D:8      | Found a roughly hewn altar of Beogh.
  9646 | D:8      | Noticed Psyche
  9648 | D:8      | Killed Psyche
  9966 | D:8      | Reached **** piety under Vehumet
 10259 | D:9      | Offered knowledge of Lee's Rapid Deconstruction by Vehumet.
 10450 | D:9      | Reached skill level 3 in Staves
 10568 | D:9      | Found Neaxzun's Food Shop.
 10800 | D:9      | Reached XP level 11. HP: 30/61 MP: 0/22
 11239 | D:10     | Entered Level 10 of the Dungeon
 11267 | D:10     | Noticed a two-headed ogre
 11309 | D:10     | Killed a two-headed ogre
 11508 | D:10     | Reached skill level 6 in Dodging
 11589 | D:10     | Found a staircase to the Lair.
 12389 | Lair:1   | Entered Level 1 of the Lair of Beasts
 12543 | Lair:1   | Reached ***** piety under Vehumet
 12543 | Lair:1   | Offered knowledge of Iron Shot by Vehumet.
 12567 | Lair:1   | Learned a level 6 spell: Iron Shot
 13069 | Lair:1   | Reached skill level 1 in Earth Magic
 13342 | Lair:1   | Noticed Joseph
 13354 | Lair:1   | Killed Joseph
 13354 | Lair:1   | Reached skill level 6 in Fighting
 13950 | Lair:1   | Reached XP level 12. HP: 52/71 MP: 9/23
 14044 | Lair:1   | Reached skill level 3 in Earth Magic
 14289 | Lair:2   | Got an ichor-stained flail
 14290 | Lair:2   | Identified the +4 flail of Coribukia {drain, rF+++ Str+5} (You found it on level 2 of the Lair of Beasts)
 14293 | Lair:2   | Noticed a catoblepas
 14319 | Lair:2   | Noticed a four-headed hydra
 14336 | Lair:2   | Killed a four-headed hydra
 14549 | Lair:2   | Noticed Urug
 14632 | Lair:2   | Killed Urug
 14654 | Lair:2   | Noticed Prince Ribbit
 14922 | Lair:2   | Killed a catoblepas
 14958 | Lair:2   | Reached skill level 9 in Dodging
 14971 | Lair:2   | Slain by a blink frog

Vault maps used:
D:1:      mushboom_english_gardens
D:2:      minmay_goblin_outpost
D:3:      zin_purify, chequers_ecumenical_altar_simple, minmay_misc_feat_tower,
          uniq_iyjb, uniq_natasha
D:4:      minmay_temple_entry_overgrown, portal_sewer_entry_f,
          minmay_parallelograms, roderic_batcave
D:5:      first_bread
D:6:      serial_shops, nicolae_shop_crystal, minmay_misc_feat_tiny
D:7:      serial_shops, nicolae_shop_trees
D:8:      special_room, serial_shops, shop, uniq_psyche
D:9:      serial_shops, shop, grunt_livestock
D:10:     lair_entry_dummy
Temple:   nicolae_temple_the_god_donut
Lair:1:   uniq_joseph
Lair:2:   zaba_anthell, lemuel_fruit_tree, uniq_prince_ribbit2, uniq_urug

Skill      XL: |  1  2  3  4  5  6  7  8  9 10 11 12 |
---------------+-------------------------------------+-----
Conjurations   | 2 3 5 8 9 |  9.5
Air Magic      | 5 6 7 8 9 11 12 | 12.6
Spellcasting   | 3 4 5 6 7 |  7.1
Fighting       | 3 4 6 7 |  7.7
Dodging        | 4 5 7 9 |  9.0
Armour         | 5 |  5.6
Staves         | 3 4 |  4.9
Earth Magic    | 2 4 |  4.1
Stealth        | |  2.0

Action                   |  1- 3 |  4- 6 |  7- 9 | 10-12 || total
-------------------------+-------+-------+-------+-------++-------
Melee: Unarmed           |     1 |       |       |       ||     1
       Hand axe          |    18 |       |       |       ||    18
       Peck              |     3 |     1 |    16 |    20 ||    40
       Kick              |     2 |     8 |    17 |    40 ||    67
       Dagger            |       |    31 |    29 |       ||    60
       Quarterstaff      |       |       |    60 |   183 ||   243
 Cast: Shock             |    51 |    97 |   194 |   126 ||   468
       Static Discharge  |       |     9 |    20 |    27 ||    56
       Airstrike         |       |     1 |    24 |    46 ||    71
       Lightning Bolt    |       |       |     8 |    50 ||    58
 Abil: Fly               |       |       |       |     1 ||     1
  Use: Scroll            |       |     5 |     5 |     4 ||    14
       Potion            |       |       |     5 |     1 ||     6
 Stab: Sleeping          |       |     2 |     2 |     1 ||     5
       Invisible         |       |       |     1 |       ||     1
       Distracted        |       |       |       |     1 ||     1
  Eat: Chunk             |     3 |     7 |    21 |    35 ||    66
       Fruit             |       |       |     1 |     2 ||     3
Armor: Robe              |     6 |     8 |     2 |       ||    16
       Leather armour    |       |       |    13 |    29 ||    42
Dodge: Dodged            |    24 |    22 |   110 |   183 ||   339
Block: Other             |       |       |    19 |    23 ||    42
       Reflection        |       |       |       |     1 ||     1
